 Dungeon Crawl Stone Soup version 0.20-a0-1056-g7622305 (webtiles) character file.

13 Murumi the Sneak (level 2, -3/21 HPs)
             Began as a Vampire Enchanter on Apr 26, 2017.
             Slain by a hobgoblin
             ... wielding a +0 club
              (4 damage)
             ... on level 1 of the Dungeon.
             The game lasted 00:02:09 (553 turns).

Murumi the Sneak (Vampire Enchanter)                 Turns: 553, Time: 00:02:09

Health: -3/21      AC:  2    Str:  7    XL:     2   Next: 24%
Magic:  0/5        EV: 12    Int: 17    God:
Gold:   59         SH:  0    Dex: 14    Spells: 2/5 levels left

rFire    . . .     SeeInvis +   a - +1 dagger
rCold    . . .     Gourm    .   (no shield)
rNeg     + . .     Faith    .   b - +0 robe
rPois    .         Spirit   .   (no helmet)
rElec    .         Reflect  .   (no cloak)
rCorr    .         Harm     .   (no gloves)
MR       .....                  (no boots)
Stlth    +++.......             (no amulet)
Regen    0.1/turn               (no ring)
MPRegen  0.1/turn               (no ring)

@: very slightly contaminated
A: fangs 3, see invisible, unbreathing
a: no special abilities


You were on level 1 of the Dungeon.
You were not thirsty.

You visited 1 branch of the dungeon, and saw 1 of its levels.

You collected 59 gold pieces.

Inventory:

Hand Weapons
 a - a +1 dagger (weapon)
Armour
 b - a +0 robe (worn)
Scrolls
 f - 3 scrolls of teleportation
Potions
 d - a potion of blood
 e - a potion of lignification
 g - a potion of agility {unknown}
Books
 c - a book of Maledictions

   Spells                             Type                      Level
   a - Corona                         Hexes                        1
   b - Ensorcelled Hibernation        Hexes/Ice                    2
   c - Confuse                        Hexes                        3
   d - Tukima's Dance                 Hexes                        3
   e - Dazzling Spray                 Conjuration/Hexes            3


   Skills:
 + Level 1.0 Fighting
 - Level 1.1 Short Blades
 - Level 2.1 Dodging
 - Level 5.1 Stealth
 - Level 2.0 Spellcasting
 - Level 4.4 Hexes


You had 2 spell levels left.
You knew the following spells:

 Your Spells              Type           Power        Failure   Level  Hunger
a - Corona                Hex            ###....      3%          1    #......
b - Ensorcelled Hibernat  Hex/Ice        #.....       12%         2    ###....


Dungeon Overview and Level Annotations

Branches:
Dungeon (1/15)

Altars:


Innate Abilities, Weirdness & Mutations

You have razor-sharp teeth.
You have supernaturally acute eyesight. (SInv)
You can survive without breathing.


Message History

You barely miss the hobgoblin.
The hobgoblin is severely wounded.
You hit the hobgoblin but do no damage.
The hobgoblin is severely wounded.
The hobgoblin closely misses you.
You closely miss the hobgoblin.
The hobgoblin is severely wounded.
The hobgoblin hits you with a club.
* * * LOW HITPOINT WARNING * * *
You hit the hobgoblin but do no damage.
The hobgoblin is severely wounded.
The hobgoblin hits you with a club.
* * * LOW HITPOINT WARNING * * *
You hit the hobgoblin.
The hobgoblin is almost dead.
The hobgoblin drinks a potion.
The hobgoblin is healed!
You hit the hobgoblin.
The hobgoblin is heavily wounded.
The hobgoblin hits you with a club.
You die...

... .........# ###.#
#######...# ...#
#.........# #..#
#.###.#...# ######.(#
#.#.......# . #....#..#
#.#.#.##..# ...
#....#..###.#.......#
....##....#..#.....#.###.#
..>.....g@†....(..........
...##....##.#.#.#.#.#.#..
#....##.#.#.#.#.#.#..
.......##.#.#.#.#†#.#.#
.....#####.#.#.#.#.#...#
....... #.#.#.#.#.#####
....... #.#.#.#.#.#####
....... ...............
....... #.#.###.#.#####


You could see a hobgoblin.

Vanquished Creatures
  A leopard gecko (D:1)
  2 giant cockroaches (D:1)
  A hobgoblin (D:1)
  3 kobolds (D:1)
  A ball python (D:1)
  2 bats (D:1)
  A goblin (D:1)
  A rat (D:1)
12 creatures vanquished.

Notes
Turn   | Place    | Note
-------+----------+-------------------------------------------
     0 | D:1      | Murumi the Vampire Enchanter began the quest for the Orb.
     0 | D:1      | Reached XP level 1. HP: 13/13 MP: 3/3
   116 | D:1      | Reached skill level 5 in Stealth
   321 | D:1      | Reached XP level 2. HP: 15/20 MP: 3/5
   333 | D:1      | Learned a level 2 spell: Ensorcelled Hibernation
   535 | D:1      | Reached skill level 1 in Fighting
   551 | D:1      | HP: 1/21 [hobgoblin/club (3)]
   553 | D:1      | Slain by a hobgoblin

Vault maps used:
D:1:      eino_arrival_water_cross

Skill      XL: |  1  2 |
---------------+-------+-----
Stealth        | 5 |  5.1
Fighting       | 1 |  1.0
Short Blades   | |  1.1
Dodging        | |  2.1
Spellcasting   | |  2.0
Hexes          | |  4.4

Action                   || total
-------------------------++-------
Melee: Dagger            ||    36
       Bite              ||     2
 Cast: Corona            ||     4
       Ensorcelled Hiber ||     1
  Use: Scroll            ||     3
 Stab: Sleeping          ||     6
Armor: Robe              ||     7
Dodge: Dodged            ||    22
